 Dungeon Sprint DCSS version 0.28-a0-381-g937acc2988 (webtiles) character file.

Game seed: 2254073228563049731

7349 Ankalagon the Warrior (level 10, -2/112 HPs)
             Began as a Minotaur Fighter on Sept 1, 2021.
             Was an Elder of Okawaru.
             Succumbed to poison (dark miasma)
             ... in the Dungeon (Sprint II: "The Violet Keep of Menkaure").
             The game lasted 00:05:22 (1554 turns).

Ankalagon the Warrior (Minotaur Fighter)            Turns: 1554, Time: 00:05:23

Health: -2/112     AC: 28    Str: 22    XL:     10   Next: 91%
Magic:  10/12      EV: 20    Int:  5    God:    Okawaru [****..]
Gold:   506        SH:  7    Dex: 21    Spells: 9/9 levels left

rFire   + + .      SeeInvis .   i - +7 flail "Grim" {vorpal, +Rage rF++ Dex+5}
rCold   . . .      Faith    .   c - +0 buckler
rNeg    . . .      Spirit   .   k - +6 chain mail of the Glamorous Robin {Dex+4 Stlth-}
rPois   .          Reflect  .   (helmet restricted)
rElec   .          Harm     .   l - +0 cloak
rCorr   .          Rampage  .   j - +2 pair of gloves {Stlth+}
Will    .....      NoTele   +   (no boots)
Stlth   ..........              (no amulet)
HPRegen 0.28/turn               (no ring)
MPRegen 0.13/turn               (no ring)

@: lethally poisoned (-2 -> -21), heroic, slowed, very slow
A: horns 2, retaliatory headbutt, iridescent scales 1, subdued magic 1
a: Renounce Religion, Evoke Berserk Rage, Heroism, Finesse


You were in the Dungeon.
You worshipped Okawaru.
Okawaru was greatly pleased with you.
You visited 1 branch You collected 1433 gold pieces.
You spent 927 gold pieces at shops.

Inventory:

Hand Weapons
 a - a +0 flail
 i - the +7 flail "Grim" (weapon) {vorpal, +Rage rF++ Dex+5}
   (You bought it in a shop in the Dungeon)

   It inflicts extra damage upon your enemies.
   Dex:       It affects your dexterity (+5).
   rF:        It greatly protects you from fire.
   +Rage:     It lets you go berserk.
Armour
 b - a +0 scale mail
 c - a +0 buckler (worn)
 j - a +2 pair of gloves of stealth (worn)
 k - the +6 chain mail of the Glamorous Robin (worn) {Dex+4 Stlth-}
   (You bought it in a shop in the Dungeon)

   Dex:       It affects your dexterity (+4).
   Stlth:     It makes you less stealthy.
 l - a +0 cloak (worn)
Scrolls
 f - 2 scrolls of acquirement {unknown}
 o - a scroll of immolation {unknown}
 r - 7 scrolls of identify {unknown}
 s - a scroll of vulnerability {unknown}
 u - a scroll of torment {unknown}
 w - a scroll of magic mapping {unknown}
 y - a scroll of amnesia {unknown}
 z - 2 scrolls of enchant armour {unknown}
Potions
 d - a potion of might
 e - 2 potions of curing
 g - 2 potions of haste
 h - 6 potions of magic
 m - 2 potions of lignification {unknown}
 n - a potion of attraction {unknown}
 p - 3 potions of flight {unknown}
 q - 3 potions of resistance {unknown}
 t - a potion of mutation {unknown}
 v - a potion of heal wounds
 x - a potion of brilliance {unknown}


   Skills:
 + Level 18.0(23.0) Fighting
 - Level 14.0(19.0) Maces & Flails
 + Level 14.4(19.4) Armour
 + Level 13.0(18.0) Dodging
 - Level 4.0(9.0) Shields
 + Level 4.0 Invocations


You had 9 spell levels left.
You didn't know any spells.
Your spell library contained the following spells:

 Spells                   Type           Power      Damage    Failure   Level
 Foxfire                  Conj/Fire      0%         2x1d4     87%         1
 Pain                     Necr           0%         1d4       87%         1
 Conjure Flame            Conj/Fire      0%         6-21      99%         3
 Inner Flame              Hex/Fire       0%         N/A       99%         3
 Vampiric Draining        Necr           0%         2d6       99%         3
 Animate Skeleton         Necr           Unusable   N/A       N/A         1

Dungeon Overview and Level Annotations

Branches:
Dungeon (1/1)

Altars:
Cheibriados
Dithmenos
Elyvilon
Fedhas
Gozag
Hepliaklqana
Kikubaaqudgha
Makhleb
Nemelex Xobeh
Okawaru
Qazlal
Ru
Sif Muna
Trog
Uskayaw
Vehumet
Wu Jian
Xom
Yredelemnul
Zin
The Shining One
Beogh
Jiyva
Lugonu

Shops:
D !:**![?(=:![(=?

Annotations:
D exclusion: oklob plant


Innate Abilities, Weirdness & Mutations

You have a pair of horns on your head.
You reflexively headbutt those who attack you in melee.
You are partially covered in iridescent scales. (AC +2)
Your spells are a little easier to cast, but a little less powerful.


Message History

You feel extremely sick. The death drake closely misses you.
You furiously retaliate!
You headbutt the death drake, but do no damage.
You barely miss the death drake. Your headbutt misses the death drake.
The death drake is heavily wounded.
You are engulfed in dark miasma.
You are more poisoned.
You feel extremely sick.
The death drake bites you but does no damage.
You sock the death drake! You headbutt the death drake!
The death drake is almost dead.
You are engulfed in dark miasma.
You are more poisoned.
You feel extremely sick.
The death drake bites you but does no damage.
The death drake completely misses you.
You are too injured to fight recklessly!
You are too injured to fight recklessly!
You closely miss the death drake.
The death drake is almost dead.
You are engulfed in dark miasma.
You are more poisoned.
You feel extremely sick.
The death drake bites you but does no damage.
You bludgeon the death drake!!
You kill the death drake!
Okawaru is honoured by your kill.
You can now speed up your combat.
You are engulfed in dark miasma.
You are more poisoned.
* * * LOW HITPOINT WARNING * * *
x2 You feel extremely sick.
Your base Fighting skill increases to level 18!
Your base Dodging skill increases to level 13!
Your Invocations skill increases to level 4!
You feel better.
You are engulfed in dark miasma.
You are lethally poisoned!
* * * LOW HITPOINT WARNING * * *
x2 You feel extremely sick.
You close the door.
You die...

###.# ...# ...####▓.....[[.▓▓
.#.####..## #..##.#▓......))▓▓
#'###.##..# +..#..#▓..[.)...▓▓
#.##...#..# #..#..#▓......[(▓▓
.<.'##.'..####..##.#▓().([(..▓▓
#.##...#.§..###...##▓▓▓▓▓▓▓'▓▓▓▓+
#'###.##......≈≈)≈≈≈≈≈≈≈÷≈≈...≈≈≈
...####≈≈....§≈#+########'###.≈≈≈
##..#≈≈§≈≈≈≈§.≈#@._._...#≈§≈##≈≈≈
.####≈≈§≈§§≈≈.≈#._._._._#§≈§≈####
#○##≈≈≈≈≈§§§§≈≈#_._._._.#≈§§§≈##.
≈≈≈≈≈≈≈≈≈§≈≈§≈§#._._._._#≈§≈≈≈≈#.
+#+++#≈≈≈≈≈§≈≈≈#.._._._.#≈§≈§≈§'.


;;;; ##≈§≈###≈≈#..._._._#§≈§§§§#§ ;;;§≈≈##§≈# #§≈#...._._.#§≈≈≈§≈▓. §§§≈§≈≈+§§#
#≈≈#....._..#≈§≈≈▓▓▓▓ §§≈§§≈##≈≈≈ ≈≈≈##########≈§≈≈▓ There were no monsters in
sight!

Vanquished Creatures
  A kraken (D)
  2 boulder beetles (D)
  A death drake (D)
  2 deep trolls (D)
  A yaktaur (D)
  A hornet (D)
  3 polar bears (D)
  2 wyverns (D)
  A vampire mosquito (D)
  4 neqoxecs (D)
  Menkaure (D)
  4 water moccasins (D)
  4 necrophages (D)
  4 tentacles (D)
31 creatures vanquished.

Vanquished Creatures (others)
  A swamp drake (D)
  11 tentacles (D)
12 creatures vanquished.

Grand Total: 43 creatures vanquished

Notes
Turn   | Place    | Note
-------+----------+-------------------------------------------
     0 | D        | Ankalagon the Minotaur Fighter began the quest for the Orb.
     0 | D        | Reached XP level 1. HP: 19/19 MP: 0/0
     1 | D        | Noticed a boulder beetle
     1 | D        | Noticed a boulder beetle
     4 | D        | Noticed a neqoxec
     4 | D        | Noticed a neqoxec
     4 | D        | Noticed a neqoxec
     4 | D        | Noticed a neqoxec
     4 | D        | Gained mutation: Your spells are a little easier to cast,
                  | but a little less powerful. [a neqoxec]
     9 | D        | Killed a neqoxec
    10 | D        | Reached skill level 8 in Fighting
    10 | D        | Reached XP level 2. HP: 36/36 MP: 1/1
    10 | D        | Reached XP level 3. HP: 41/41 MP: 2/2
    10 | D        | Reached XP level 4. HP: 49/49 MP: 3/3
    15 | D        | Killed a neqoxec
    16 | D        | Reached skill level 10 in Fighting
    16 | D        | Reached skill level 10 in Maces & Flails
    16 | D        | Reached XP level 5. HP: 59/59 MP: 4/4
    17 | D        | Gained mutation: You are partially covered in iridescent
                  | scales. (AC +2) [a neqoxec]
    18 | D        | Killed a neqoxec
    19 | D        | Reached skill level 12 in Fighting
    19 | D        | Reached XP level 6. HP: 70/70 MP: 5/5
    21 | D        | Killed a neqoxec
    82 | D        | Reached XP level 7. HP: 78/78 MP: 6/6
    85 | D        | Reached skill level 13 in Fighting
    85 | D        | Reached skill level 5 in Armour
   169 | D        | Found Dicam's Magic Scroll Shop.
   170 | D        | Found Segem's Antique Weapon Shop.
   170 | D        | Found Luuwydut's Jewellery Boutique.
   171 | D        | Found Jedy's Distillery.
   171 | D        | Found Iderecs's Book Boutique.
   171 | D        | Found Heureone's Jewellery Shop.
   171 | D        | Found Winejyl's Antique Armour Shop.
   172 | D        | Found Zereumiu's Magic Scroll Boutique.
   172 | D        | Found Dampoem's Antique Armour Boutique.
   172 | D        | Found Wuciwana's Antique Weapon Boutique.
   174 | D        | Found Lanan's Distillery.
   175 | D        | Found Nuisiov's General Store.
   175 | D        | Found Asaumirghip's Assorted Antiques.
   175 | D        | Noticed Menkaure
   175 | D        | Noticed an oklob plant
   176 | D        | Found Ukarghul's Distillery.
   176 | D        | Found Lety's Book Shoppe.
   188 | D        | Killed Menkaure
   189 | D        | Reached skill level 5 in Dodging
   189 | D        | Reached XP level 8. HP: 82/88 MP: 7/7
   213 | D        | Noticed a shining eye
   222 | D        | Noticed a shining eye
   224 | D        | Noticed a great orb of eyes
   227 | D        | Noticed a flying skull
   229 | D        | Noticed a shining eye
   246 | D        | Bought a bloodstained flail for 238 gold pieces
   246 | D        | Identified the +7 flail "Grim" {vorpal, +Rage rF++ Dex+5}
                  | (You bought it in a shop in the Dungeon)
   440 | D        | Reached skill level 14 in Fighting
   478 | D        | Bought a masterwork chain mail for 209 gold pieces
   478 | D        | Identified the +6 chain mail of the Glamorous Robin {Dex+4
                  | Stlth-} (You bought it in a shop in the Dungeon)
   530 | D        | HP: 4/89 [boulder beetle (48)]
   834 | D        | Bought a potion of might for 48 gold pieces
   834 | D        | Bought a potion of might for 48 gold pieces
   834 | D        | Bought a potion of haste for 120 gold pieces
   898 | D        | Killed a boulder beetle
   899 | D        | Reached skill level 15 in Fighting
   899 | D        | Reached XP level 9. HP: 61/97 MP: 8/8
   903 | D        | Killed a boulder beetle
   922 | D        | Bought a pair of glowing gloves for 165 gold pieces
   927 | D        | Bought a cloak for 99 gold pieces
   951 | D        | Found an iron altar of Okawaru.
   951 | D        | Found an opulent altar of Gozag.
   952 | D        | Found a sparkling altar of Nemelex Xobeh.
   952 | D        | Found a blossoming altar of Fedhas.
  1052 | D        | Found a radiant altar of Vehumet.
  1052 | D        | Found a burning altar of Makhleb.
  1052 | D        | Found a white marble altar of Elyvilon.
  1053 | D        | Found a hide-covered altar of Uskayaw.
  1053 | D        | Found a corrupted altar of Lugonu.
  1053 | D        | Found a shadowy altar of Dithmenos.
  1054 | D        | Found a glowing silver altar of Zin.
  1054 | D        | Found a bloodstained altar of Trog.
  1054 | D        | Found an ancient bone altar of Kikubaaqudgha.
  1055 | D        | Found a basalt altar of Yredelemnul.
  1055 | D        | Found a shimmering blue altar of Sif Muna.
  1055 | D        | Found a viscous altar of Jiyva.
  1056 | D        | Found a shimmering altar of Xom.
  1056 | D        | Found a sacrificial altar of Ru.
  1058 | D        | Found a glowing golden altar of the Shining One.
  1058 | D        | Found an ornate altar of the Wu Jian Council.
  1058 | D        | Found a stormy altar of Qazlal.
  1058 | D        | Found a snail-covered altar of Cheibriados.
  1058 | D        | Found a hazy altar of Hepliaklqana.
  1058 | D        | Noticed a polar bear
  1058 | D        | Noticed a polar bear
  1059 | D        | Noticed a yaktaur
  1059 | D        | Noticed a polar bear
  1062 | D        | Became a worshipper of Warmaster Okawaru
  1071 | D        | Killed a polar bear
  1072 | D        | Reached skill level 16 in Fighting
  1072 | D        | Reached skill level 10 in Dodging
  1075 | D        | Killed a polar bear
  1078 | D        | Killed a polar bear
  1078 | D        | Reached * piety under Okawaru
  1081 | D        | Killed a yaktaur
  1082 | D        | Reached XP level 10. HP: 82/108 MP: 9/9
  1093 | D        | Noticed a kraken
  1131 | D        | Killed a kraken
  1131 | D        | Reached ** piety under Okawaru
  1132 | D        | Reached skill level 17 in Fighting
  1274 | D        | Noticed a deep troll
  1274 | D        | Noticed a deep troll
  1280 | D        | Killed a deep troll
  1280 | D        | Reached *** piety under Okawaru
  1286 | D        | Killed a deep troll
  1342 | D        | Noticed a death drake
  1552 | D        | Killed a death drake
  1552 | D        | Reached **** piety under Okawaru
  1553 | D        | Reached skill level 18 in Fighting
  1553 | D        | HP: 4/112 [poison (dark miasma)]
  1554 | D        | Succumbed to poison (dark miasma)

Illustrated notes

Levels and vault maps discovered:
D:        the_violet_keep_of_menkaure [sprint2_stairs_cluster_1,
          sprint2_shoproom, sprint2_temple, sprint2_basic_supplies,
          sprint2_obstacle_7, sprint2_obstacle_4, sprint2_obstacle_5,
          sprint2_obstacle_1, sprint2_obstacle_6, sprint2_timed_cluster_1,
          sprint2_smallroom_cluster_1, sprint2_smallroom_final_cluster_1,
          sprint2_transparent_cluster_1, sprint2_second_timed_cluster_1,
          sprint2_sniper_area_1, sprint2_heavy_combat_area_1,
          sprint2_mutation_trap_area_1, sprint2_forest_area_1,
          sprint2_light_combat_area_1, sprint2_behind_water_1,
          sprint2_near_end_vault_1]

Skill      XL: |  1  2  3  4  5  6  7  8  9 10 |
---------------+-------------------------------+-----
Fighting       | 8 10 12 13 15 16 18 | 18.0
Maces & Flails | 8 10 11 12 13 14 | 14.0
Shields        | 4 |  4.0
Armour         | 4 6 9 12 14 | 14.4
Dodging        | 2 5 8 10 13 | 13.0
Invocations    | 4 |  4.0

Action                   |  1- 3 |  4- 6 |  7- 9 | 10-12 || total
-------------------------+-------+-------+-------+-------++-------
Melee: Flail             |     4 |    14 |    71 |    43 ||   132
       Headbutt          |     2 |     2 |    19 |    12 ||    35
Invok: Heroism           |       |       |       |     2 ||     2
  Use: Potion            |     1 |       |     3 |     2 ||     6
       Scroll            |       |       |     1 |       ||     1
Armor: Scale mail        |       |       |     2 |       ||     2
       Chain mail        |       |       |    20 |    18 ||    38
Dodge: Dodged            |     1 |     1 |    43 |    33 ||    78
Block: Buckler           |     2 |       |    12 |    14 ||    28

Table legend: (Time is in decaauts)
 A = Elapsed time spent in this place.
 B = Non-inter-level travel time spent in this place.
 C = Inter-level travel time spent in this place.
 D = Time resting spent in this place.
 E = Time spent auto-exploring this place.
 F = Levels seen in this place.
 G = Mean time per level.
                   A        B        C        D        E       F      G
               +--------+--------+--------+--------+--------+-----+--------+
         Total |   1579 |   1555 |     24 |    904 |     46 |   1 | 1579.0 |
       Dungeon |   1579 |   1555 |     24 |    904 |     46 |   1 | 1579.0 |
               +--------+--------+--------+--------+--------+-----+--------+

Top non-repeatable levels by time:
       D: 1579 daAuts
